Description

In this replay, I show you how to play the skytoss vs skytoss in PvP.

Notes:

  • If you scout a Stargate: Don't make an oracle. Go to phoenix
  • If you want to play without Stargate, go to a blink all-in. It's really strong against a Stargate opener
  • Phoenix vs Phoenix = stack. If you don't stack your phoenix, you will lose every fight (your phoenix will die faster)
  • In a skytoss vs skytoss : 1 base = 1 stargate, 2 bases = 2 stargates etc...
  • Range upgrade is the first thing to reasearch in term of upgrades
  • Focus on air attack upgrades after the range upgrade

VOD

https://youtu.be/5l6A8zC0B8Y

Replay - StraightEdge v zuka - World of Sleepers LE

Build Order

Get SALT Encoding   

  12  0:01  Probe  
  13  0:13  Probe  
  14  0:18  Pylon  
  14  0:25  Probe (Chrono Boost)  
  15  0:36  Probe (Chrono Boost)  
  15  0:37  Gateway  
  16  0:42  Probe  
  16  0:46  Assimilator  
  17  0:55  Assimilator, Probe  
  18  1:07  Probe  
  19  1:14  Gateway  
  19  1:19  Probe  
  19  1:25  Cybernetics Core  
  20  1:31  Probe  
  21  1:41  Pylon  
  21  1:43  Probe  
  23  2:05  Stargate  
  24  2:20  Adept x2 (Chrono Boost)  
  28  2:42  Nexus  
  31  2:51  Oracle  
  31  2:54  Warp Gate  
  31  3:00  Pylon  
  30  3:30  Phoenix (Chrono Boost)  
  30  3:32  Stalker x2  
  35  3:47  Pylon  
  38  4:06  Phoenix (Chrono Boost)  
  42  4:20  Stargate  
  42  4:22  Phoenix  
  44  4:30  Assimilator  
  46  4:36  Assimilator  
  49  4:47  Phoenix (Chrono Boost)  
  54  5:07  Pylon  
  54  5:10  Phoenix x2 (Chrono Boost)  
  47  5:28  Phoenix  
  61  5:35  Phoenix  
  68  5:54  Protoss Air Weapons Level 1 (Chrono Boost)  
  70  5:59  Phoenix x2  
  75  6:16  Fleet Beacon  
  75  6:23  Forge  
  79  6:46  Shield Battery x2  
  84  7:06  Anion Pulse-Crystals (Chrono Boost)  
  84  7:12  Nexus  
  86  7:28  Assimilator  
  90  7:36  Assimilator  
  96  7:57  Photon Cannon  
  98  8:05  Protoss Air Weapons Level 2 (Chrono Boost)  
  103  8:31  Cybernetics Core  
  105  8:39  Stargate  
  106  8:47  Photon Cannon  
  112  9:10  Nexus  
  118  9:28  Protoss Shields Level 1  
  118  9:34  Assimilator  
  120  9:44  Protoss Air Armor Level 1 (Chrono Boost)  
  124  9:55  Mothership (Chrono Boost)  
Spawning Tool Build Advisor. Get it on Overwolf

Go to:

Details

  • Created by: zuka      
  • Published on: Jan 20, 2020
  • Modified on: Jan 20, 2020
  • Patch: 4.11.0
Show
View Real Time Build Order
Export as new Build Order

Comments (3)

On May 11, 2020, 6 p.m., LightWisdom  said:

Wow. I tried just attack moving and it was even better vs the twenty voids four tempest and four carriers even though the phoenix would fire on the interceptors xP

On May 11, 2020, 5:46 p.m., LightWisdom  said:

I tried a battle in a unit test map and the only way I could beat twenty voids four tempest and four carriers with thirty-two phoenix and seven carriers was to focus the voids first. After the fight I had twenty-eight units left.

On May 11, 2020, 5:17 p.m., LightWisdom  said:

If the enemy adds a few carriers to his tempest and phoenix's what should your focusing order be? Also if he goes mass voids instead of phoenix's with a few tempest and carriers what should your focus order be?

Create an account to comment!